 Dungeon Crawl Stone Soup version 0.29-a0-830-gcb1280458a (webtiles) character file.

Game seed: 10164709160485175397

6 wilfster70 the Sneak (level 1, 0/13 HPs)
             Began as a Gnoll Enchanter on July 11, 2022.
             Slain by a hobgoblin (3 damage)
             ... on level 1 of the Dungeon.
             The game lasted 00:00:51 (323 turns).

wilfster70 the Sneak (Gnoll Enchanter)               Turns: 323, Time: 00:00:51

Health: 0/13       AC:  2    Str:  7    XL:     1   Next: 90%
Magic:  15/15      EV: 13    Int: 14    God:
Gold:   15         SH:  0    Dex: 12    Spells: 9/9 levels left

rFire   . . .      SeeInvis .   a - +1 dagger
rCold   . . .      Faith    .   (no shield)
rNeg    . . .      Spirit   .   b - +0 robe
rPois   .          Reflect  .   (no helmet)
rElec   .          Harm     .   (no cloak)
rCorr   .          Rampage  .   (no gloves)
Will    .....                   (no boots)
Stlth   +++.......              (no amulet)
HPRegen 0.04/turn               h - ring of magical power
MPRegen 0.14/turn               (no ring)

@: no status effects
A: fangs 1, strong nose, distributed training
a: no special abilities


You were on level 1 of the Dungeon.
You visited 1 branch of the dungeon, and saw 1 of its levels.

You collected 15 gold pieces.

Inventory:

Hand Weapons
 a - a +1 dagger (weapon)
Armour
 b - a +0 robe (worn)
Jewellery
 h - a ring of magical power (left hand)
Scrolls
 e - a scroll of teleportation {unknown}
 g - a scroll of identify {unknown}
Potions
 c - 2 potions of invisibility
 d - a potion of curing {unknown}
 f - a potion of attraction {unknown}
 i - a potion of mutation {unknown}


   Skills:
 + Level 0.2 Fighting
 + Level 2.4 Short Blades
 + Level 0.2 Long Blades
 + Level 0.2 Axes
 + Level 0.2 Maces & Flails
 + Level 0.2 Polearms
 + Level 0.2 Staves
 + Level 0.2 Ranged Weapons
 + Level 0.2 Throwing
 + Level 0.2 Armour
 + Level 4.4 Dodging
 + Level 5.9 Stealth
 + Level 0.2 Shields
 + Level 0.2 Unarmed Combat
 + Level 4.9 Spellcasting
 + Level 0.1 Conjurations
 + Level 5.3 Hexes
 + Level 0.1 Summonings
 + Level 0.1 Necromancy
 + Level 0.1 Translocations
 + Level 0.1 Transmutations
 + Level 0.1 Fire Magic
 + Level 0.1 Ice Magic
 + Level 0.1 Air Magic
 + Level 0.1 Earth Magic
 + Level 0.1 Poison Magic
 + Level 0.3 Invocations
 + Level 0.2 Evocations


You had 9 spell levels left.
You didn't know any spells.
Your spell library contained the following spells:

 Spells                   Type           Power      Damage    Failure   Level
 Confusing Touch          Hex            18%        N/A       6%          3
 Tukima's Dance           Hex            18%        N/A       6%          3
 Ensorcelled Hibernation  Hex/Ice        22%        N/A       9%          2
 Dazzling Flash           Conj/Hex       22%        N/A       17%         3


Dungeon Overview and Level Annotations

Branches:
Dungeon (1/15)

Altars:


Innate Abilities, Weirdness & Mutations

You have very sharp teeth.
Your uncanny sense of smell can sniff out nearby items.
Your experience applies equally to all skills.


Message History

The bat misses you.
You see here a book of Debilitation.
You don't know any spells.
You closely miss the bat. Your bite misses the bat. The bat barely misses you.
You hit the bat.
The bat is moderately wounded.
The bat hits you but does no damage. x2
You closely miss the bat.
The bat is moderately wounded.
The bat hits you but does no damage. The bat closely misses you.
You miss the bat.
The bat is moderately wounded.
The bat closely misses you. The hobgoblin hits you.
You hit the bat but do no damage.
The bat is moderately wounded.
The bat closely misses you. The hobgoblin hits you.
You miss the bat.
The bat is moderately wounded.
The bat misses you. The bat closely misses you.
The bat hits you but does no damage.
You barely miss the bat. The bat hits you but does no damage.
The hobgoblin hits you.
A giant cockroach comes into view.
The bat closely misses you. The hobgoblin barely misses you.
The hobgoblin attacks as you move away! The hobgoblin hits you.
The giant cockroach bites you.
* * * LOW HITPOINT WARNING * * *
You hit the giant cockroach.
The giant cockroach is almost dead.
The hobgoblin misses you.
The giant cockroach bites you but does no damage.
You hit the giant cockroach but do no damage.
You bite the giant cockroach, but do no damage.
The giant cockroach is almost dead.
The giant cockroach misses you. The hobgoblin barely misses you.
You hit the giant cockroach.
You kill the giant cockroach!
The hobgoblin hits you.
You die...

..# #....##
#...# ###
#...## #...#
###.# #...#
#.# ##.#####
#.#
###......#
##### #.#
#........##
....####.#
#b#..#[.....
###......#
#g#:.......#
########
#@#........#
#.†....>....#
#............
.........###.
##.###....#
∆.. ..##.#
..# .# .. ..


You could see a hobgoblin and a bat.

Vanquished Creatures
  A bat (D:1)
  A giant cockroach (D:1)
  2 ball pythons (D:1)
  A frilled lizard (D:1)
  A goblin (D:1)
  2 kobolds (D:1)
8 creatures vanquished.

Notes
Turn   | Place    | Note
-------+----------+-------------------------------------------
     0 | D:1      | wilfster70 the Gnoll Enchanter began the quest for the Orb.
     0 | D:1      | Reached XP level 1. HP: 13/13 MP: 6/6
   323 | D:1      | Slain by a hobgoblin

Illustrated notes

Levels and vault maps discovered:
D:1:      nicolae_arrival_washed_ashore, layout_loops_cross

Action                   || total
-------------------------++-------
Melee: Dagger            ||    19
       Bite              ||     1
 Stab: Sleeping          ||     4
Armor: Robe              ||     8
Dodge: Dodged            ||    15

Table legend: (Time is in decaauts)
 A = Elapsed time spent in this place.
 B = Non-inter-level travel time spent in this place.
 C = Inter-level travel time spent in this place.
 D = Time resting spent in this place.
 E = Time spent auto-exploring this place.
 F = Levels seen in this place.
 G = Mean time per level.
                   A        B        C        D        E       F      G
               +--------+--------+--------+--------+--------+-----+--------+
         Total |    320 |    320 |      0 |     51 |    160 |   1 |  320.0 |
       Dungeon |    320 |    320 |      0 |     51 |    160 |   1 |  320.0 |
               +--------+--------+--------+--------+--------+-----+--------+

Top non-repeatable levels by time:
     D:1: 320 daAuts
